[Event "Team 45 45 League T30"]
[Site "Internet Chess Club"]
[Date "2006.04.16"]
[Round "4"]
[White "chesskix"]
[Black "BrerRabbit"]
[Result "0-1"]
[WhiteElo "1477"]
[BlackElo "1478"]
[TimeControl "2700+45"]

1. Nf3 Nf6 2. c4 c5 3. g3 b6 4. Bg2 Bb7 5. O-O e6 6. d3 Be7 7. Nc3 O-O 8. h3 d5
9. b3 Nc6 10. e3 a6 11. a3 Qc7 12. Ne2 Rfd8 13. Qc2 dxc4 14. bxc4 Rd7 15. Bb2
Rad8 16. Rad1 Ne8 17. d4 Bf6 18. h4 cxd4 19. exd4 Na5 20. Ne5 Bxe5 21. dxe5 Rxd1
22. Rxd1 Rxd1+ 23. Qxd1 Bxg2 24. Kxg2 Nxc4 25. Ba1 Nxa3 26. Qa4 Qb7+ 27. Kh2 Nb5
28. Nd4 Nec7 29. Nxb5 Nxb5 30. f4 g6 31. h5 Nc7 32. h6 b5 33. Qb4 Nd5 34. Qd6
Qb6 35. Bd4 Qxd6 36. exd6 Kf8 37. Kg2 b4 38. Kf2 a5 39. Ke2 Ke8 40. Kd2 Kd7 41.
Kc2 Kxd6 42. Kb3 f6 43. Ba7 e5 44. fxe5+ fxe5 45. Bb8+ Ke6 46. g4 e4 47. Bg3 e3
48. Ka4 e2 49. Kb3 Kf6 50. Bh4+ Ke5 51. Bg3+ Ke4 52. g5 Kd3 53. Be1 Nf4 54. Bg3
Ng2 55. Bf2 e1=Q 56. Bxe1 Nxe1 57. Kb2 a4 58. Kc1 Kc3 59. Kb1 a3 60. Ka1 b3 61.
Kb1 Nc2 62. Kc1 a2 {White resigns} 0-1  aics%

[Event "Team 45 45 League T30"]
[Site "Internet Chess Club"]
[Date "2006.04.15"]
[Round "4"]
[White "Orforded"]
[Black "pk4"]
[Result "1-0"]
[WhiteElo "1155"]
[BlackElo "1316"]
[TimeControl "2700+45"]

1. e4 d6 2. d4 g6 3. Nc3 Bg7 4. Nf3 a6 5. Bc4 Nc6 6. Ng5 e6 7. d5 Ne5 8. Bb3
exd5 9. Bxd5 Nf6 10. f4 Nxd5 11. Nxd5 Nc4 12. c3 Nb6 13. Nxb6 cxb6 14. Qd5 O-O
15. O-O Qc7 16. f5 Qc5+ 17. Qxc5 bxc5 18. fxg6 fxg6 19. Bf4 Bh6 20. h4 Rd8 21.
Rad1 Bg4 22. Rd5 Be2 23. Rf2 Bc4 24. Rxd6 Rxd6 25. Bxd6 Bxa2 26. Bxc5 Re8 27.
Re2 Re5 28. Bd6 Re8 29. e5 Bxg5 30. hxg5 Bc4 31. Re4 Bd5 32. Rb4 Rc8 33. Rf4 Kg7
34. Rf6 Kg8 35. e6 Kg7 36. e7 Bf7 37. Rf4 Kg8 38. Kf2 Rc6 39. Bb4 h6 40. gxh6
{Black resigns} 1-0  aics%

[Event "Team 45 45 League T30"]
[Site "Internet Chess Club"]
[Date "2006.04.17"]
[Round "4"]
[White "Express"]
[Black "jeffk"]
[Result "1-0"]
[WhiteElo "1126"]
[BlackElo "1206"]
[TimeControl "2700+45"]

1. d4 e6 2. e4 d5 3. c4 c5 4. cxd5 exd5 5. dxc5 Bxc5 6. e5 Nc6 7. Nf3 Nge7 8.
Bb5 a6 9. Ba4 Qa5+ 10. Nc3 Bb4 11. Bxc6+ Nxc6 12. Bd2 Be6 13. a3 Bxc3 14. Bxc3
Qc7 15. O-O O-O 16. Nd4 Nxd4 17. Qxd4 Qc4 18. Qxc4 dxc4 19. Rad1 Rad8 20. Ba5
Rd3 21. Rxd3 cxd3 22. Rd1 Rc8 23. f4 Bf5 24. Rd2 Kf8 25. g4 Be4 26. Kf2 Rc2 27.
Rxc2 dxc2 28. Bd2 Ke7 29. Ke3 Bc6 30. b3 f6 31. exf6+ Kxf6 32. Kd3 g5 33. fxg5+
Kg6 34. Kxc2 Bf3 35. h3 b5 36. b4 Be4+ 37. Kc3 Bd5 38. Kd4 Bf3 39. Ke3 Bd5 40.
Kf4 Bg2 41. h4 h5 42. gxh6 Kxh6 43. g5+ Kh5 44. Kg3 Bf1 45. Be1 Bc4 46. Kf4 Bd3
47. Bg3 Bc2 48. Ke5 Kg4 49. Be1 Kh5 50. Kf6 Bb3 51. g6 Bg8 52. g7 Kh6 53. Bd2+
Kh5 54. Ke7 Kg6 55. Kf8 Kh7 56. h5 Bb3 57. h6 Bc4 58. Ke7 Bd5 59. Kf6 Bc4 60.
Bg5 Bb3 61. Ke7 Kg6 62. Kf8 Kh7 63. Ke8 Bd5 64. Kd7 Bg8 65. Kc6 Be6 66. Kb7
{Black resigns} 1-0  aics%

[Event "Team 45 45 League T30"]
[Site "Internet Chess Club"]
[Date "2006.04.15"]
[Round "4"]
[White "AtomicDog"]
[Black "smcintyr11"]
[Result "1-0"]
[WhiteElo "1199"]
[BlackElo "1116"]
[TimeControl "2700+45"]

1. d4 c5 2. Nf3 cxd4 3. Nxd4 e5 4. Nf3 e4 5. Nd4 d5 6. Be3 Nf6 7. h3 g6 8. Nc3
Bg7 9. g4 O-O 10. Bg2 Re8 11. Qd2 Nc6 12. f3 Nxd4 13. Bxd4 b6 14. Qf4 Bb7 15.
O-O-O h6 16. fxe4 Nxe4 17. Nxe4 Bxd4 18. Rxd4 Qb8 19. Nf6+ Kf8 20. Nxe8 Qxf4+
21. Rxf4 Rxe8 22. Re1 h5 23. gxh5 gxh5 24. c4 Rc8 25. b3 Kg7 26. Rd4 f5 27. Bxd5
Bxd5 28. Rxd5 Kg6 29. Rg1+ Kf6 30. Rf1 Re8 31. Rdxf5+ Kg6 32. R5f2 Kg5 33. Rh1
h4 34. a4 Re3 35. Kc2 a6 36. b4 a5 37. bxa5 bxa5 38. Kd2 Re4 39. Kd3 Re8 40. e4
Rd8+ 41. Kc3 Re8 42. Re1 Re7 43. Kb3 Rb7+ 44. Ka3 Rc7 45. Rc1 Rc5 46. Re2 Kf4
47. e5 Kg3 48. e6 Kxh3 49. e7 Rg5 50. e8=Q Rg3+ 51. Kb2 Rg2 52. c5 Rxe2+ 53.
Qxe2 Kg3 54. c6 h3 55. Rh1 h2 56. c7 Kh3 57. Qxh2+ Kg4 58. c8=Q+ Kg5 59. Qc5+
Kg4 60. Qd4+ Kf5 61. Qhf4+ Ke6 62. Re1# {Black checkmated} 1-0  aics%

[Event "Team 45 45 League T30"]
[Site "Internet Chess Club"]
[Date "2006.04.13"]
[Round "4"]
[White "BooRadley"]
[Black "Justme"]
[Result "0-1"]
[WhiteElo "1292"]
[BlackElo "1312"]
[TimeControl "2700+45"]

1. Nf3 d5 2. g3 Nc6 3. d4 h6 4. Bg2 Bf5 5. b3 Nb4 6. Na3 c6 7. c3 Na6 8. O-O e6
9. Ne5 Ne7 10. Re1 f6 11. Nd3 g5 12. e4 Bg6 13. f4 Qc7 14. f5 exf5 15. e5 Bg7
16. exf6 Bxf6 17. Re6 Rf8 18. Ne5 Bxe5 19. Rxe5 O-O-O 20. c4 f4 21. Qg4+ Kb8 22.
gxf4 Bf5 23. Qg3 Ng6 24. fxg5 Nxe5 25. Bf4 Rde8 26. cxd5 Bd7 27. dxe5 Qb6+ 28.
Be3 c5 29. e6+ Ka8 30. exd7 Rd8 31. Rc1 Rxd7 32. Nc4 Qd8 33. d6 hxg5 34. Bd2 Qe8
35. Re1 Qg6 36. a3 Re8 37. b4 Rxe1+ 38. Qxe1 Qg8 39. Qe4 Qg7 40. Qe8+ Nb8 41.
Qe1 Qd4+ 42. Be3 Qxc4 43. Bxc5 Qf7 44. a4 Qh5 45. b5 g4 46. a5 Qxc5+ 47. Qf2
Qxb5 {White resigns} 0-1  aics%

[Event "Team 45 45 League T30"]
[Site "Internet Chess Club"]
[Date "2006.04.17"]
[Round "4"]
[White "Gomer"]
[Black "JimGaming"]
[Result "0-1"]
[WhiteElo "1252"]
[BlackElo "1279"]
[TimeControl "2700+45"]

1. e4 e5 2. Bc4 Nf6 3. d3 c6 4. Nc3 Bb4 5. f4 d5 6. exd5 exf4 7. dxc6 Nxc6 8.
Bxf4 O-O 9. Nf3 Re8+ 10. Kf2 Bc5+ 11. Kf1 Bg4 12. a3 a6 13. Qd2 Bxf3 14. gxf3 b5
15. Ba2 Nd4 16. Qg2 Qd7 17. Bh6 Bf8 18. Rg1 g6 19. Bg5 Nh5 20. Ne4 Bg7 21. c3
Nf5 22. d4 Kh8 23. Qc2 f6 24. Bd2 Nh4 25. Nc5 Qh3+ {White resigns} 0-1  aics%

[Event "Team 45 45 League T30"]
[Site "Internet Chess Club"]
[Date "2006.04.15"]
[Round "4"]
[White "Hastings"]
[Black "grapes"]
[Result "1-0"]
[WhiteElo "1336"]
[BlackElo "1323"]
[TimeControl "2700+45"]

1. e4 e6 2. d4 d5 3. e5 Nc6 4. Nf3 Bb4+ 5. c3 Ba5 6. Be2 Nge7 7. O-O O-O 8. Bd3
Nf5 9. a4 Nce7 10. b4 c5 11. bxa5 cxd4 12. cxd4 Qxa5 13. Bg5 Nc6 14. Bd2 Qc7 15.
Be3 b6 16. Qc2 Bd7 17. Rc1 Rac8 18. Ba6 Rb8 19. Bb5 Rbc8 20. Ba6 Rb8 21. Bd3
Rbc8 22. g4 Nxe3 23. Bxh7+ Kh8 24. fxe3 Qd8 25. Nc3 Nb4 26. Qb1 a5 27. Ne1 g6
28. Bxg6 fxg6 29. Qxg6 Qe7 30. Ne2 Qh4 31. Nf4 Rg8 32. Rxc8 Bxc8 33. Qf6+ Qxf6
34. exf6 Rxg4+ 35. Neg2 Kg8 36. Rc1 Bd7 37. Rc7 Be8 38. Nxe6 Bf7 39. h3 Rg6 40.
Rc8+ Kh7 41. Nf8+ Kh6 42. Nxg6 Kxg6 43. Rb8 Kxf6 44. Rxb6+ Kf5 45. Rb5 Nc6 46.
Rc5 {Black resigns} 1-0  aics%

[Event "Team 45 45 League T30"]
[Site "Internet Chess Club"]
[Date "2006.04.15"]
[Round "4"]
[White "JustinZ"]
[Black "Cataclysm"]
[Result "1-0"]
[WhiteElo "1241"]
[BlackElo "1124"]
[TimeControl "2700+45"]

1. e4 c5 2. d4 cxd4 3. c3 Nf6 4. cxd4 Nxe4 5. Bc4 e6 6. Nf3 d5 7. Bb3 Be7 8. O-O
O-O 9. Bf4 Nc6 10. Ne5 Bf6 11. Nd2 Nxd4 12. Nxe4 dxe4 13. Bc2 Qd5 14. Ng4 Nf3+
15. gxf3 Bxb2 16. Bxe4 Qxd1 17. Raxd1 f5 18. Bd6 Re8 19. Rd2 Rd8 20. Rfd1 fxe4
21. Rxb2 exf3 22. Ne5 b6 23. Nxf3 Bb7 24. Ne5 Rac8 25. Rbd2 Bd5 26. Ba3 a5 27.
f4 Rc3 28. f5 Rxa3 29. fxe6 Rc8 30. Rxd5 g6 31. e7 Rac3 32. Rd8+ Rxd8 33.
exd8=Q+ Kg7 34. Qe7+ Kh6 35. Rd4 Rc1+ 36. Kf2 Rc2+ 37. Ke3 {Black forfeits on
time} 1-0  aics%

[Event "Team 45 45 League T30"]
[Site "Internet Chess Club"]
[Date "2006.04.14"]
[Round "4"]
[White "MoluscoGrotesco"]
[Black "martineden"]
[Result "1-0"]
[WhiteElo "1888"]
[BlackElo "1879"]
[TimeControl "2700+45"]

1. f4 d5 2. Nf3 Nf6 3. e3 Bg4 4. Be2 e6 5. O-O Bd6 6. d4 Nbd7 7. c3 c5 8. Ne5
Bxe2 9. Qxe2 Rc8 10. Nd2 Qb6 11. g4 h6 12. g5 hxg5 13. fxg5 Bxe5 14. dxe5 Ng8
15. Nf3 Qc7 16. e4 dxe4 17. Qxe4 Ne7 18. Bf4 Qb6 19. Rab1 Ng6 20. c4 Rd8 21.
Rfd1 Qc7 22. Rd6 Nb8 23. Rbd1 Rxd6 24. exd6 Qc6 25. Qxc6+ Nxc6 26. Bg3 Kd7 27.
a3 e5 28. b4 cxb4 29. axb4 e4 30. b5 Na5 31. Nd4 Nxc4 32. Nf5 Nge5 33. Bxe5 Nxe5
34. Rc1 Rc8 35. Rxc8 Kxc8 36. Nxg7 Nf3+ 37. Kf2 Nxg5 38. h4 Nh7 39. Ke3 Nf6 40.
h5 Kd7 41. h6 Ng4+ 42. Kxe4 Nxh6 43. Kd5 f5 44. Ne6 f4 45. Nc5+ Kc8 46. d7+ Kc7
47. Ke6 f3 48. Ke7 Nf7 49. Ne6+ {Black resigns} 1-0  aics%

[Event "Team 45 45 League T30"]
[Site "Internet Chess Club"]
[Date "2006.04.14"]
[Round "4"]
[White "Kaseirovski"]
[Black "kamu"]
[Result "0-1"]
[WhiteElo "1664"]
[BlackElo "1626"]
[TimeControl "2700+45"]

1. e4 Nf6 2. e5 Nd5 3. Bc4 Nb6 4. Bb3 c5 5. d3 d5 6. exd6 e6 7. Nf3 Bxd6 8. O-O
Nc6 9. Re1 O-O 10. Ng5 Nd4 11. Qh5 h6 12. Ne4 Nxb3 13. axb3 Nd5 14. Nxd6 Qxd6
15. Nc3 Bd7 16. Ne4 Qc7 17. c4 Nb4 18. Re3 f5 19. Rg3 Be8 20. Qxh6 Qxg3 21.
Qxe6+ Bf7 22. Qxf7+ Rxf7 23. Nxg3 Nxd3 24. Nf1 Nxc1 25. Rxc1 Re7 26. g3 Re2 27.
Rb1 Kf7 28. Ne3 g6 29. Kf1 Rd2 30. Ke1 Rad8 31. Nd5 Rd3 32. Ke2 Rxb3 33. Kd2 Re8
34. Nc3 a6 35. Kc2 Rb6 36. Rd1 Rbe6 37. Rd7+ R8e7 38. Rd1 b5 39. cxb5 axb5 40.
Nxb5 Re2+ 41. Kc3 Rxf2 42. b3 Rxh2 43. Rd3 Ree2 44. Kc4 Re5 45. Nc7 Rc2+ 46. Rc3
Rxc3+ 47. Kxc3 Re3+ 48. Kc4 Rxg3 49. Na6 Rg1 50. Kxc5 f4 51. Nb4 Rb1 52. Kc4 f3
53. Nd3 Ke6 54. Kc3 Kf5 55. Kc2 Rh1 56. Kd2 g5 57. Ke3 g4 58. Kf2 Rb1 59. Kg3
Rg1+ 60. Kf2 Rg2+ 61. Ke3 Re2+ 62. Kd4 f2 {White resigns} 0-1  aics%

[Event "Team 45 45 League T30"]
[Site "Internet Chess Club"]
[Date "2006.04.16"]
[Round "4"]
[White "pumba"]
[Black "Fineas-Fogg"]
[Result "1-0"]
[WhiteElo "1495"]
[BlackElo "1393"]
[TimeControl "2700+45"]

1. e4 e6 2. d4 d5 3. Nd2 c5 4. exd5 exd5 5. Ngf3 Bg4 6. Be2 Bxf3 7. Nxf3 Nf6 8.
Bg5 Qb6 9. Rb1 Ne4 10. Bh4 Nc6 11. c3 Bd6 12. Ng5 Nxg5 13. Bxg5 cxd4 14. O-O f6
15. Bh5+ g6 16. Bxf6 O-O 17. Bh4 gxh5 18. Qxh5 Qc7 19. Qxd5+ Rf7 20. g3 dxc3 21.
Bf6 Be5 22. Bxe5 Qxe5 23. Qb3 b6 24. Rfe1 Qf6 25. Qc2 Nd4 26. Qe4 Nf3+ 27. Kh1
Nxe1 28. Qxa8+ Kg7 29. Qe4 Qxf2 30. Rxe1 Qf3+ 31. Qxf3 Rxf3 32. bxc3 Kg6 33. Re7
Rxc3 34. Rxa7 Rc1+ 35. Kg2 Rb1 36. Kf3 h5 37. h4 Rb5 38. Ke4 Ra5 39. Rxa5 bxa5
40. a4 Kf6 41. Kf4 Kg6 42. Ke5 Kh6 43. Kf5 {Black resigns} 1-0  aics%

[Event "Team 45 45 League T30"]
[Site "Internet Chess Club"]
[Date "2006.04.17"]
[Round "4"]
[White "klassact"]
[Black "Mississippian"]
[Result "1-0"]
[WhiteElo "1322"]
[BlackElo "1388"]
[TimeControl "2700+45"]

1. e4 d6 2. Nf3 Nf6 3. Bc4 g6 4. Nc3 Bg7 5. d3 O-O 6. h3 Nbd7 7. Be3 c5 8. Qc1
a6 9. a4 Nb6 10. Ba2 Be6 11. Bxe6 fxe6 12. Bh6 c4 13. Bxg7 Kxg7 14. Ng5 Qc8 15.
Qe3 cxd3 16. Qxb6 dxc2 17. Qb3 d5 18. Qxc2 d4 19. O-O Kg8 20. Qb3 dxc3 21. Rac1
Qc6 22. Rxc3 Qd6 23. Nxe6 Kh8 24. Nxf8 Rxf8 25. Qxb7 Rb8 26. Rc8+ Rxc8 27. Qxc8+
Kg7 28. Qc2 Qd4 29. Rd1 Qe5 30. f3 h6 31. b4 Qb8 32. Qc3 Qb6+ 33. Qc5 Qe6 34.
Qc3 Kf7 35. Rc1 Qb6+ 36. Qc5 Qe6 37. Qc4 Nh5 38. Qxe6+ Kxe6 39. b5 axb5 40. axb5
Nf6 41. b6 Nd7 42. b7 Kd6 43. Kf2 e6 44. Ke3 Ke7 45. Rc8 e5 46. b8=Q Nxb8 47.
Rxb8 Kd7 48. Rb6 {Black resigns} 1-0  aics%

[Event "Team 45 45 League T30"]
[Site "Internet Chess Club"]
[Date "2006.04.15"]
[Round "4"]
[White "qs16"]
[Black "burnsja2003"]
[Result "1-0"]
[WhiteElo "1688"]
[BlackElo "1652"]
[TimeControl "2700+45"]

1. d4 d5 2. e3 Nf6 3. Bd3 e6 4. Nd2 Be7 5. f4 c5 6. c3 b6 7. Ngf3 Ng4 8. Qe2 O-O
9. O-O a5 10. Ne5 Nxe5 11. fxe5 Ba6 12. c4 dxc4 13. Nxc4 cxd4 14. Rf3 dxe3 15.
Bxh7+ Kh8 16. Rh3 Bg5 17. Be4+ Bh6 18. Bxe3 Bxc4 19. Qxc4 Ra7 20. Bxh6 gxh6 21.
Rxh6+ Kg7 22. Rh7+ Kg8 23. Bc2 Qg5 24. Rh3 Qxe5 25. Rg3+ Qxg3 26. hxg3 Rd8 27.
Rd1 Rad7 28. Rxd7 Rxd7 29. Qc8+ Kg7 30. Qxb8 Rd2 31. Qe5+ Kf8 32. Bb3 b5 33.
Qxb5 Rxb2 34. Qxa5 Rb1+ 35. Kf2 {Black resigns} 1-0  aics%

[Event "Team 45 45 League T30"]
[Site "Internet Chess Club"]
[Date "2006.04.15"]
[Round "4"]
[White "Smart"]
[Black "MPknight"]
[Result "1-0"]
[WhiteElo "1593"]
[BlackElo "1541"]
[TimeControl "2700+45"]

1. e4 c5 2. Nf3 d6 3. d4 cxd4 4. Nxd4 Nf6 5. Nc3 e6 6. Be3 Be7 7. f3 a6 8. Qd2
Qc7 9. O-O-O b5 10. g4 Nc6 11. Nxc6 Qxc6 12. Ne2 Bb7 13. Nd4 Qc7 14. h4 Nd7 15.
Bg5 h6 16. Bxe7 Kxe7 17. g5 f6 18. Bh3 Nf8 19. gxf6+ Kxf6 20. Rhg1 g6 21. Qf4+
Ke7 22. Qg3 Rg8 23. h5 Bc8 24. Qh4+ g5 25. Qg3 e5 26. Nf5+ Bxf5 27. Bxf5 Ne6 28.
Rd2 Nf4 29. Bg4 Qc4 30. Kb1 Rac8 31. Bxc8 {Black resigns} 1-0  aics%

[Event "Team 45 45 League T30"]
[Site "Internet Chess Club"]
[Date "2006.04.14"]
[Round "4"]
[White "john-beebs"]
[Black "QuaqQuao"]
[Result "0-1"]
[WhiteElo "1544"]
[BlackElo "1555"]
[TimeControl "2700+45"]

1. e4 d5 2. exd5 Nf6 3. Nc3 Nxd5 4. Nxd5 Qxd5 5. Nf3 Nc6 6. Be2 Bf5 7. d3 e6 8.
Bf4 O-O-O 9. O-O h6 10. Re1 g5 11. Be3 Be7 12. c4 Qd7 13. d4 f6 14. Qa4 a5 15.
Red1 Be4 16. Nd2 Nxd4 17. Qxd7+ Rxd7 18. Nxe4 Nxe2+ 19. Kf1 Rxd1+ 20. Rxd1 Nf4
21. Bxf4 gxf4 22. b3 h5 23. Ke2 h4 24. g3 fxg3 25. fxg3 f5 26. Nc3 hxg3 27. hxg3
Bb4 28. Nb5 Rh2+ 29. Kf3 Rxa2 30. Rh1 c6 31. Rh8+ Kd7 32. Rh7+ Kd8 33. Nd4 e5
34. Ne6+ Ke8 35. Rxb7 e4+ 36. Kf4 Rf2+ 37. Ke5 Bc3+ 38. Kd6 Rd2+ 39. Kxc6 Be5
40. Ra7 Rd6+ 41. Kb5 Rxe6 42. Kxa5 Bxg3 43. c5 e3 44. Ra8+ Kd7 45. Ra7+ Bc7+ 46.
Kb5 e2 47. Ra1 e1=Q 48. c6+ Kd6 {White resigns} 0-1  aics%

[Event "Team 45 45 League T30"]
[Site "Internet Chess Club"]
[Date "2006.04.15"]
[Round "4"]
[White "Creecher"]
[Black "charles-allen"]
[Result "0-1"]
[WhiteElo "1543"]
[BlackElo "1553"]
[TimeControl "2700+45"]

1. d4 d5 2. c4 e6 3. Nc3 c5 4. cxd5 exd5 5. Nf3 Nc6 6. g3 Nf6 7. Bg2 Be7 8. O-O
O-O 9. Bg5 cxd4 10. Nxd4 h6 11. Bf4 Bg4 12. h3 Bh5 13. Nf5 Bg6 14. Nxe7+ Qxe7
15. Nxd5 Nxd5 16. Qxd5 Rad8 17. Qc4 Nd4 18. e4 b5 19. Qd3 f5 20. Rfe1 Bh5 21.
Kh1 Qf7 22. e5 Nf3 23. e6 Rxd3 24. exf7+ Kxf7 25. Red1 Rxd1+ 26. Rxd1 Re8 27.
Be3 a6 28. Rd7+ Kf6 29. Rd6+ Re6 30. Rxe6+ Kxe6 31. Bc1 g5 32. Bf1 Kd5 33. Be2
Ke4 34. b3 f4 35. g4 Bf7 36. Bb2 Nd4 37. Bd1 Bd5 38. Kg1 Kd3 39. Kf1 a5 40. Bxd4
Kxd4 41. a4 b4 42. Ke2 Kc3 43. f3 Bxb3 44. Bxb3 Kxb3 45. Kd2 Kxa4 {White
resigns} 0-1  aics%

[Event "Team 45 45 League T30"]
[Site "Internet Chess Club"]
[Date "2006.04.18"]
[Round "4"]
[White "parrot9"]
[Black "buzzard"]
[Result "0-1"]
[WhiteElo "1779"]
[BlackElo "1728"]
[TimeControl "2700+45"]

1. e4 c5 2. Nf3 Nc6 3. d4 cxd4 4. Nxd4 Qb6 5. Nb3 Nf6 6. Be3 Qb4+ 7. N1d2 e5 8.
Bd3 d5 9. c3 Qe7 10. O-O b6 11. Qe2 dxe4 12. Nxe4 Bb7 13. Bg5 h6 14. Bh4 g5 15.
Bg3 Bg7 16. Rad1 O-O 17. Nd6 Bc8 18. h4 Ne8 19. Nf5 Bxf5 20. Bxf5 Nd6 21. Qg4
Nxf5 22. Qxf5 gxh4 23. Bh2 Rad8 24. Nd2 Qg5 25. Qe4 Rxd2 26. Rxd2 Qxd2 27. Qxc6
Qxb2 28. Qc4 b5 29. Qxh4 Qxc3 30. f4 Qd4+ 31. Kh1 a5 32. Qg4 Qc4 33. Re1 f5 34.
Qg6 e4 35. g4 Qc3 36. Rf1 Qd3 37. Kg2 Qe2+ 38. Kg1 Qxg4+ 39. Qxg4 fxg4 40. Re1
e3 41. Kg2 Bd4 42. Kg3 h5 43. Bg1 Re8 44. Kh4 Re4 45. Kxh5 Rxf4 46. Bxe3 Bxe3
47. Rxe3 Rf3 48. Re5 g3 49. Kg6 g2 50. Re8+ Rf8 51. Re1 Kh8 52. Rg1 b4 53. Rxg2
Rg8+ {White resigns} 0-1  aics%

[Event "Team 45 45 League T30"]
[Site "Internet Chess Club"]
[Date "2006.04.19"]
[Round "4"]
[White "RingLord"]
[Black "twintower"]
[Result "1-0"]
[WhiteElo "1649"]
[BlackElo "1567"]
[TimeControl "2700+45"]

1. e4 d5 2. exd5 Qxd5 3. Nc3 Qd6 4. Nf3 Nf6 5. Bc4 a6 6. O-O b5 7. Bb3 Nbd7 8.
d3 Nc5 9. Re1 e6 10. Bg5 Be7 11. Bxf6 Bxf6 12. Ne4 Qe7 13. Nxc5 Qxc5 14. c3 O-O
15. d4 Qd6 16. Bc2 Bb7 17. Qd3 g6 18. Ne5 Qd5 19. Qg3 c5 20. Be4 Qd6 21. Bxb7
Rad8 22. Ng4 Qxg3 23. Nxf6+ Kg7 24. Nh5+ gxh5 25. hxg3 cxd4 26. cxd4 Rxd4 27.
Bxa6 b4 28. a4 bxa3 29. bxa3 Rfd8 30. a4 Ra8 31. Bb5 Rad8 32. a5 Ra8 33. Bc6 Ra7
34. a6 Rd6 35. Bb7 Kf6 36. Ra3 Ke7 37. Ra5 Rb6 38. Rxh5 {Black resigns} 1-0 
aics%  twintower(340): i prepared for the game and still blew it aics%

[Event "Team 45 45 League T30"]
[Site "Internet Chess Club"]
[Date "2006.04.16"]
[Round "4"]
[White "boozehound"]
[Black "jacknor"]
[Result "0-1"]
[WhiteElo "1557"]
[BlackElo "1559"]
[TimeControl "2700+45"]

1. e4 e6 2. d4 d5 3. Nc3 Nf6 4. Bg5 h6 5. Bh4 dxe4 6. Nxe4 Nbd7 7. Nf3 Be7 8.
Ng3 O-O 9. Bd3 b6 10. Ne4 Bb7 11. Qe2 Nd5 12. Bxe7 Qxe7 13. Qd2 N5f6 14. Ng3 c5
15. O-O Bxf3 16. gxf3 cxd4 17. Kh1 Ne5 18. Be4 Nxe4 19. fxe4 Rad8 20. f4 Nc4 21.
Qc1 Ne3 22. Rg1 Qc5 23. Nh5 Qxh5 24. Rxg7+ Kxg7 25. Qg1+ Qg6 26. Qf2 Qxe4+ 27.
Kg1 Kh7 28. h4 Rg8+ 29. Kh2 Rg2+ 30. Qxg2 Qxg2# {White checkmated} 0-1  aics%

[Event "Team 45 45 League T30"]
[Site "Internet Chess Club"]
[Date "2006.04.13"]
[Round "4"]
[White "EyeAm"]
[Black "Invicta-Knight"]
[Result "1-0"]
[WhiteElo "1304"]
[BlackElo "1478"]
[TimeControl "2700+45"]

1. e4 e5 2. Nf3 Nc6 3. Bc4 Nf6 4. Ng5 d5 5. exd5 Na5 6. Bb5+ c6 7. dxc6 bxc6 8.
Be2 h6 9. Nf3 e4 10. Ne5 Bd6 11. Ng4 Nxg4 12. Bxg4 Qg5 13. h3 f5 14. d3 Bf4 15.
Bxf4 Qxf4 16. Bh5+ Kf8 17. Qd2 Qxd2+ 18. Nxd2 exd3 19. cxd3 Ba6 20. Be2 Re8 21.
Kd1 Re6 22. Nb3 Nb7 23. Nd4 Rf6 24. b4 Kf7 25. f4 Rd8 26. Nf3 Bxd3 27. Ne5+ Ke6
{Black resigns} 1-0  aics%

[Event "Team 45 45 League T30"]
[Site "Internet Chess Club"]
[Date "2006.04.18"]
[Round "4"]
[White "Wheels"]
[Black "smitty120"]
[Result "1-0"]
[WhiteElo "1557"]
[BlackElo "1678"]
[TimeControl "2700+45"]

1. e4 c5 2. Nf3 d6 3. d4 cxd4 4. Nxd4 Nf6 5. Nc3 a6 6. g3 e5 7. Nde2 b5 8. Bg2
Bb7 9. O-O Nbd7 10. h3 Nc5 11. f3 b4 12. Nb1 d5 13. exd5 Qxd5 14. Qxd5 Nxd5 15.
f4 Bd6 16. Rd1 e4 17. c4 bxc3 18. Nbxc3 Nxc3 19. Nxc3 Ke7 20. a3 f5 21. b4 Nd3
22. Rxd3 exd3 23. Bxb7 Rab8 24. Bxa6 Rbd8 25. Bd2 g6 26. Kf2 Ra8 27. Bxd3 Rhd8
28. Bc4 Rac8 29. Re1+ Kf8 30. Be6 Bc5+ 31. Be3 Rd2+ 32. Kf3 Rd3 33. Bxc8 {Black
resigns} 1-0  aics%

[Event "Team 45 45 League T30"]
[Site "Internet Chess Club"]
[Date "2006.04.16"]
[Round "4"]
[White "MrLee"]
[Black "GoIrish"]
[Result "1-0"]
[WhiteElo "1768"]
[BlackElo "1601"]
[TimeControl "2700+45"]

1. d4 Nf6 2. c4 g6 3. Nc3 Bg7 4. e4 d6 5. Nf3 O-O 6. Be2 Na6 7. O-O e5 8. d5 Nc5
9. Nd2 a5 10. Rb1 Ne8 11. Nb3 Nxb3 12. axb3 f5 13. f4 fxe4 14. fxe5 Rxf1+ 15.
Qxf1 Bxe5 16. Nxe4 Bf5 17. Bg5 Nf6 18. Bd3 Kg7 19. Qf3 h6 20. Bxf6+ Bxf6 21.
Nxf6 Qxf6 22. Bxf5 Qxf5 23. Qxf5 gxf5 24. Re1 Kf7 25. Kf2 a4 26. Ra1 b5 27. cxb5
Rb8 28. bxa4 Kf6 29. Re1 Ra8 30. b3 h5 31. Re6+ Kg5 32. Re7 Rc8 33. a5 Rb8 34.
a6 Rxb5 35. a7 Ra5 36. Rxc7 Kf4 37. Rc4+ Ke5 38. Ra4 {Black resigns} 1-0  aics%

[Event "Team 45 45 League T30"]
[Site "Internet Chess Club"]
[Date "2006.04.15"]
[Round "4"]
[White "fredd"]
[Black "BorgCollective"]
[Result "0-1"]
[WhiteElo "1621"]
[BlackElo "1794"]
[TimeControl "2700+45"]

1. e4 d5 2. exd5 Nf6 3. Nc3 Nxd5 4. Nxd5 Qxd5 5. Qf3 Qe6+ 6. Qe3 Nc6 7. Bb5 Qd5
8. Bf1 Nd4 9. Bd3 Qxg2 10. Qe4 Qxe4+ 11. Bxe4 f5 12. Bd3 e5 13. c3 Nc6 14. Bc2
Be6 15. d3 O-O-O 16. f4 Bd5 17. Nf3 Bxf3 18. Rf1 e4 19. dxe4 fxe4 20. Rxf3 exf3
21. Bf5+ Kb8 22. Kf2 Bc5+ 23. Kxf3 Rd1 24. b4 Bd6 25. Ke2 Rh1 26. h3 Bxf4 {White
resigns} 0-1  aics%

[Event "Team 45 45 League T30"]
[Site "Internet Chess Club"]
[Date "2006.04.15"]
[Round "4"]
[White "BartL"]
[Black "AlPearson"]
[Result "1-0"]
[WhiteElo "1609"]
[BlackElo "1400"]
[TimeControl "2700+45"]

1. e4 e6 2. d4 d5 3. Nc3 Nf6 4. e5 Nfd7 5. f4 c5 6. Nf3 Nc6 7. Be3 Qb6 8. Qd2
Qxb2 9. Rb1 Qa3 10. Bb5 cxd4 11. Nxd4 Bb4 12. Rb3 Qa5 13. Nxc6 bxc6 14. Bxc6
Bxc3 15. Rxc3 Rb8 16. Rb3 Qxd2+ 17. Kxd2 Rxb3 18. cxb3 a6 19. Bc5 Kd8 20. Bd6 f6
21. Rf1 f5 22. Kd3 Nb6 23. Kd4 Bd7 24. Rc1 Nc8 25. Bb7 Ne7 26. Bxa6 Nc6+ 27. Kd3
Nb4+ 28. Bxb4 h6 29. Bd6 g5 30. Ke3 Rg8 31. g3 h5 32. Rc7 gxf4+ 33. Kxf4 Rg4+
34. Ke3 h4 35. gxh4 Rg2 36. Be2 Rxh2 37. h5 f4+ 38. Kd3 f3 39. Bxf3 Rxa2 40. Rc2
Ra3 41. Bxa3 Bb5+ 42. Kd4 Bf1 43. h6 Bh3 44. Rh2 Bf5 45. h7 Bxh7 46. Rxh7 Ke8
47. Kc5 Kf8 48. Kd6 Kg8 49. Ra7 Kf8 50. Kxe6+ Kg8 51. Kf6 Kh8 52. Kg6 d4 53.
Ra8# {Black checkmated} 1-0  aics%

[Event "Team 45 45 League T30"]
[Site "Internet Chess Club"]
[Date "2006.04.16"]
[Round "4"]
[White "Stav"]
[Black "gule"]
[Result "1/2-1/2"]
[WhiteElo "1726"]
[BlackElo "1883"]
[TimeControl "2700+45"]

1. d4 Nf6 2. c4 e5 3. dxe5 Ng4 4. Bf4 Bb4+ 5. Nd2 Nc6 6. Nf3 Qe7 7. e3 Ngxe5 8.
Nxe5 Nxe5 9. Be2 d6 10. O-O Bxd2 11. Qxd2 g5 12. Bxe5 Qxe5 13. Qd4 Bd7 14. Qxe5+
dxe5 15. Bf3 O-O-O 16. Rfd1 Be6 17. b3 g4 18. Bd5 Bxd5 19. Rxd5 Rxd5 20. cxd5 f5
21. f3 gxf3 22. gxf3 Rg8+ 23. Kf2 Kd7 24. e4 fxe4 25. fxe4 Rf8+ 26. Ke3 Rf4 27.
Rg1 Rh4 28. Rg2 Kd6 29. Rf2 Kc5 30. Rc2+ Kb6 31. Rf2 Rh3+ 32. Kd2 Kc5 33. Re2
Kd4 34. Kc1 Re3 35. Rd2+ Kxe4 36. d6 cxd6 37. Rxd6 Rc3+ 38. Kd2 Rc7 39. Rh6 Rg7
40. Rh4+ Kd5 41. a3 e4 42. Ke3 Re7 43. Rh5+ Kc6 44. Rh4 Kc5 45. Rxe4 Rxe4+ 46.
Kxe4 a5 47. h4 a4 48. bxa4 Kc4 49. h5 Kb3 50. a5 Kxa3 51. Kf5 Ka4 52. a6 bxa6
53. Kf6 Kb3 54. Kg7 a5 55. Kxh7 a4 56. h6 a3 57. Kg8 a2 58. h7 a1=Q 59. h8=Q
Qa8+ 60. Kg7 Qb7+ 61. Kg6 Qe4+ 62. Kf7 Qf5+ 63. Qf6 Qxf6+ 64. Kxf6 {Game drawn
because neither player has mating material} 1/2-1/2  aics%

[Event "Team 45 45 League T30"]
[Site "Internet Chess Club"]
[Date "2006.04.22"]
[Round "4"]
[White "Rainbird"]
[Black "BorgCollective"]
[Result "0-1"]
[WhiteElo "1690"]
[BlackElo "1815"]
[TimeControl "2700+45"]

1. d4 e6 2. c4 f5 3. g3 Nf6 4. Bg2 Be7 5. Nf3 O-O 6. O-O d6 7. b4 Nbd7 8. Bb2
Nb6 9. Qb3 Bd7 10. Nc3 Qe8 11. a4 a5 12. b5 Qh5 13. c5 dxc5 14. dxc5 Bxc5 15.
Ne5 Bc8 16. Bf3 Ng4 17. Nxg4 fxg4 18. Bg2 Rf6 19. Bc1 Bd4 20. Ra2 Rf7 21. Rd2
Bf6 22. Rfd1 Bg5 23. e3 Be7 24. Ba3 Bxa3 25. Qxa3 Bd7 26. Bxb7 Rb8 27. Bc6 Nc4
28. Qa2 Nxd2 29. Rxd2 Bxc6 30. bxc6 Qc5 31. Qxe6 Qxc3 32. Rd7 Qe1+ {White
resigns} 0-1  aics%